[ AOE2 MATCH · #506366164 ]
UnrankedKhitans vs Aztecs
Player's team · LOSS
Rival team · WIN
[ REPLAY ANALYSIS · EXTRACTED FROM THE RECORDED GAME ]
Feudal
9:22
Castle
—
Imperial
—
| APM avg | 61.3 |
| APM peak | 169 |
| eAPM avg | 37.0 |
| Villagers / military | 50 / 20 |
Focus
⚔️ 53.9% · 🌾 46.1%
Archer ×14 · Scout Cavalry ×6
Feudal
11:21
Castle
—
Imperial
—
| APM avg | 69.3 |
| APM peak | 111 |
| eAPM avg | 21.8 |
| Villagers / military | 47 / 17 |
Focus
⚔️ 29.7% · 🌾 70.3%
Skirmisher ×13 · Militia ×4
Match map
Initial resources + every placement click. Lines = walls · curves = elevation contours. ◆ gold · ⬟ stone · ● berries · ✦ relic · ◌ wall gap
Your base· Open — 8t gap
beadir's base· Open — unwalled flank
Smoothed initial terrain · ◌ = detected wall gap · hover for details
Inputs per minute
— KIV.YourAddHere - - beadir
Build order — KIV.YourAddHere
122 actions detected in the replay
| 0:00 | Create | Villager (Male) |
| 0:01 | Create | Villager (Male) |
| 0:02 | Build | House |
| 0:02 | Build | House |
| 0:12 | Create | Villager (Male) |
| 0:12 | Create | Villager (Male) |
| 1:23 | Create | Villager (Male) |
| 1:49 | Build | Lumber Camp |
| 2:07 | Create | Villager (Male) |
| 2:08 | Create | Villager (Male) |
| 2:25 | Create | Villager (Male) |
| 2:52 | Create | Villager (Male) |
| 2:52 | Create | Villager (Male) |
| 3:12 | Create | Villager (Male) |
| 3:28 | Build | House |
| 3:29 | Build | House |
| 3:39 | Create | Villager (Male) |
| 3:40 | Create | Villager (Male) |
| 4:11 | Create | Villager (Male) |
| 4:31 | Create | Villager (Male) |
| 4:31 | Create | Villager (Male) |
| 4:56 | Create | Villager (Male) |
| 5:12 | Build | Mill |
| 5:19 | Create | Villager (Male) |
| 5:19 | Create | Villager (Male) |
| 5:26 | Create | Villager (Male) |
| 6:21 | Create | Villager (Male) |
| 6:42 | Research | Loom |
| 7:12 | Research | Feudal Age |
| 7:13 | Research | Feudal Age |
| 7:33 | Build | Barracks |
| 7:36 | Build | House |
| 8:02 | Build | Palisade Wall |
| 8:17 | Build | Palisade Wall |
| 8:18 | Build | Palisade Wall |
| 8:20 | Build | Palisade Wall |
| 8:35 | Build | Barracks |
| 8:36 | Create | Villager (Male) |
| 9:18 | Build | Palisade Wall |
| 9:22 | Build | Palisade Gate |
| 9:22 | Age | Feudal Age |
| 9:32 | Build | Palisade Wall |
| 9:37 | Create | Villager (Male) |
| 9:38 | Build | Archery Range |
| 9:55 | Create | Villager (Male) |
| 10:15 | Create | Villager (Male) |
| 10:21 | Build | Mining Camp |
| 10:25 | Create | Villager (Male) |
| 10:28 | Build | Pasture |
| 10:36 | Create | Villager (Male) |
| 10:37 | Create | Archer |
| 10:42 | Build | House |
| 10:51 | Create | Villager (Male) |
| 10:54 | Build | House |
| 10:57 | Build | Palisade Gate |
| 11:20 | Create | Villager (Male) ×2 |
| 11:26 | Build | Palisade Wall |
| 11:31 | Build | Palisade Wall |
| 11:35 | Build | House |
| 11:39 | Build | House |
| 11:41 | Build | Palisade Wall |
| 11:42 | Build | Palisade Wall |
| 11:55 | Build | House |
| 12:01 | Build | Palisade Wall |
| 12:03 | Build | Palisade Wall |
| 12:05 | Create | Villager (Male) |
| 12:06 | Create | Archer |
| 12:09 | Build | House |
| 12:24 | Build | Pasture |
| 12:26 | Build | Pasture |
| 12:36 | Build | House |
| 12:40 | Build | Palisade Wall |
| 12:41 | Create | Archer |
| 12:50 | Research | Double-Bit Axe |
| 12:56 | Build | Mill |
| 13:07 | Create | Archer |
| 13:07 | Create | Archer |
| 13:07 | Create | Villager (Male) |
| 13:18 | Build | Palisade Wall |
| 13:25 | Create | Villager (Male) |
| 13:25 | Create | Villager (Male) |
| 13:30 | Build | Blacksmith |
| 13:34 | Build | House |
| 13:36 | Create | Archer |
| 13:48 | Create | Villager (Male) |
| 13:59 | Create | Archer |
| 13:59 | Create | Archer |
| 14:12 | Create | Villager (Male) |
| 14:12 | Create | Villager (Male) |
| 14:17 | Build | Stable |
| 14:21 | Build | House |
| 14:33 | Build | House |
| 15:00 | Build | Pasture |
| 15:09 | Research | Forging |
| 15:17 | Create | Villager (Male) |
| 15:20 | Create | Archer ×4 |
| 15:35 | Create | Scout Cavalry ×2 |
| 15:38 | Create | Villager (Male) |
| 15:38 | Create | Villager (Male) |
| 15:42 | Build | Pasture |
| 15:57 | Build | House |
| 15:59 | Build | Palisade Wall |
| 16:01 | Build | House |
| 16:07 | Create | Scout Cavalry |
| 16:09 | Create | Villager (Male) |
| 16:23 | Create | Villager (Male) |
| 16:24 | Create | Archer ×2 |
| 16:29 | Build | House |
| 16:35 | Build | Pasture |
| 16:47 | Research | Tech 1014 |
| 16:50 | Create | Villager (Male) ×2 |
| 17:05 | Create | Villager (Male) |
| 17:10 | Build | Pasture |
| 17:25 | Research | Forging |
| 17:41 | Create | Villager (Male) |
| 17:46 | Build | Lumber Camp |
| 18:05 | Create | Villager (Male) ×4 |
| 18:10 | Create | Scout Cavalry |
| 18:17 | Build | House |
| 18:20 | Build | Palisade Wall |
| 18:53 | Create | Scout Cavalry |
| 18:53 | Create | Scout Cavalry |
Build order — beadir
128 actions detected in the replay
| 0:00 | Create | Villager (Male) |
| 0:02 | Build | House |
| 0:03 | Build | House |
| 0:21 | Create | Villager (Male) |
| 0:34 | Create | Villager (Male) |
| 0:35 | Create | Villager (Male) |
| 1:22 | Create | Villager (Male) |
| 1:46 | Build | Lumber Camp |
| 2:04 | Create | Villager (Male) |
| 2:04 | Create | Villager (Male) |
| 2:24 | Create | Villager (Male) |
| 3:12 | Create | Villager (Male) |
| 3:13 | Create | Villager (Male) |
| 3:52 | Build | House |
| 4:14 | Create | Villager (Male) |
| 4:14 | Create | Villager (Male) |
| 4:46 | Build | Barracks |
| 5:05 | Build | House |
| 5:10 | Create | Villager (Male) |
| 5:10 | Create | Villager (Male) |
| 5:51 | Create | Villager (Male) |
| 5:53 | Create | Militia |
| 5:53 | Create | Militia |
| 5:53 | Create | Militia |
| 6:08 | Build | Mill |
| 6:18 | Create | Villager (Male) |
| 6:32 | Build | House |
| 6:36 | Create | Villager (Male) |
| 7:00 | Build | House |
| 7:03 | Build | Farm |
| 7:20 | Create | Villager (Male) |
| 7:24 | Create | Villager (Male) |
| 7:28 | Build | Farm |
| 8:16 | Create | Villager (Male) |
| 8:17 | Create | Villager (Male) |
| 8:17 | Create | Villager (Male) |
| 8:19 | Build | Farm |
| 8:42 | Research | Loom |
| 9:11 | Research | Feudal Age |
| 9:11 | Research | Feudal Age |
| 9:31 | Create | Villager (Male) |
| 9:33 | Build | Farm |
| 9:57 | Create | Villager (Male) |
| 9:59 | Build | Farm |
| 10:39 | Build | Farm |
| 10:40 | Build | Farm |
| 10:43 | Build | Farm |
| 11:17 | Create | Villager (Male) |
| 11:21 | Age | Feudal Age |
| 11:25 | Build | Archery Range |
| 11:33 | Create | Villager (Male) |
| 11:41 | Build | Blacksmith |
| 11:44 | Build | House |
| 11:49 | Create | Villager (Male) |
| 12:04 | Create | Skirmisher |
| 12:08 | Create | Villager (Male) |
| 12:14 | Build | House |
| 12:15 | Build | Palisade Wall |
| 12:22 | Create | Skirmisher |
| 12:25 | Create | Villager (Male) |
| 12:28 | Build | Mining Camp |
| 12:35 | Build | House |
| 12:39 | Build | Palisade Wall |
| 12:43 | Create | Skirmisher |
| 12:45 | Create | Villager (Male) |
| 12:49 | Build | Palisade Wall |
| 12:55 | Build | Palisade Wall |
| 12:58 | Create | Villager (Male) |
| 13:06 | Create | Villager (Male) |
| 13:07 | Build | Palisade Wall |
| 13:44 | Create | Villager (Male) |
| 13:47 | Build | Farm |
| 13:50 | Build | Palisade Wall |
| 13:52 | Build | Farm |
| 13:55 | Create | Villager (Male) |
| 14:04 | Create | Skirmisher |
| 14:04 | Create | Skirmisher |
| 14:06 | Research | Fletching |
| 14:06 | Research | Fletching |
| 14:07 | Create | Villager (Male) |
| 14:11 | Build | House |
| 14:12 | Build | Palisade Wall |
| 14:15 | Build | Palisade Wall |
| 14:31 | Create | Villager (Male) |
| 14:32 | Create | Skirmisher |
| 14:34 | Create | Militia |
| 14:44 | Build | House |
| 14:49 | Research | Man-at-Arms (upgrade) |
| 14:50 | Create | Villager (Male) |
| 14:51 | Create | Skirmisher |
| 14:56 | Build | Farm |
| 15:12 | Create | Skirmisher |
| 15:13 | Create | Villager (Male) |
| 15:19 | Build | Palisade Wall |
| 15:20 | Build | Palisade Wall |
| 15:23 | Build | Palisade Wall |
| 15:24 | Build | Palisade Wall |
| 15:31 | Create | Skirmisher |
| 15:32 | Create | Villager (Male) |
| 15:40 | Build | Farm |
| 15:40 | Build | Farm |
| 15:45 | Research | Double-Bit Axe |
| 15:46 | Research | Double-Bit Axe |
| 15:47 | Create | Villager (Male) |
| 15:54 | Create | Villager (Male) |
| 16:13 | Create | Skirmisher |
| 16:16 | Research | Horse Collar |
| 16:16 | Research | Horse Collar |
| 16:17 | Create | Villager (Male) |
| 16:20 | Build | House |
| 16:22 | Build | House |
| 16:36 | Create | Skirmisher |
| 16:37 | Create | Villager (Male) |
| 16:42 | Build | House |
| 16:46 | Create | Villager (Male) |
| 16:50 | Build | Farm |
| 17:02 | Research | Arson |
| 17:03 | Create | Villager (Male) |
| 17:38 | Create | Skirmisher |
| 17:39 | Create | Villager (Male) |
| 17:43 | Research | Padded Archer Armor |
| 17:55 | Build | Farm |
| 17:55 | Build | Farm |
| 17:59 | Build | Farm |
| 18:00 | Build | Farm |
| 18:01 | Build | Farm |
| 18:06 | Create | Skirmisher |
| 18:07 | Create | Villager (Male) |
Match timeline
| 4:46 | beadir · first_building Barracks |
| 7:33 | KIV.YourAddHere · first_building Barracks |
| 8:02 | KIV.YourAddHere · wall_segment Palisade Wall x1 |
| 8:17 | KIV.YourAddHere · wall_segment Palisade Wall x1 |
| 8:18 | KIV.YourAddHere · wall_segment Palisade Wall x2 |
| 8:20 | KIV.YourAddHere · wall_segment Palisade Wall x1 |
| 9:18 | KIV.YourAddHere · wall_segment Palisade Wall x1 |
| 9:22 | KIV.YourAddHere · age_up feudal |
| 9:32 | KIV.YourAddHere · wall_segment Palisade Wall x1 |
| 9:38 | KIV.YourAddHere · first_building Archery Range |
| 11:21 | beadir · age_up feudal |
| 11:25 | beadir · first_building Archery Range |
| 11:26 | KIV.YourAddHere · wall_segment Palisade Wall x1 |
| 11:31 | KIV.YourAddHere · wall_segment Palisade Wall x1 |
| 11:41 | KIV.YourAddHere · wall_segment Palisade Wall x3 |
| 11:42 | KIV.YourAddHere · wall_segment Palisade Wall x4 |
| 12:01 | KIV.YourAddHere · wall_segment Palisade Wall x1 |
| 12:03 | KIV.YourAddHere · wall_segment Palisade Wall x1 |
| 12:15 | beadir · wall_segment Palisade Wall x1 |
| 12:39 | beadir · wall_segment Palisade Wall x13 |
| 12:40 | KIV.YourAddHere · wall_segment Palisade Wall x1 |
| 12:49 | beadir · wall_segment Palisade Wall x1 |
| 12:55 | beadir · wall_segment Palisade Wall x3 |
| 13:07 | beadir · wall_segment Palisade Wall x2 |
| 13:18 | KIV.YourAddHere · wall_segment Palisade Wall x1 |
| 13:50 | beadir · wall_segment Palisade Wall x1 |
| 14:12 | beadir · wall_segment Palisade Wall x7 |
| 14:15 | beadir · wall_segment Palisade Wall x14 |
| 14:17 | KIV.YourAddHere · first_building Stable |
| 15:19 | beadir · wall_segment Palisade Wall x1 |
| 15:20 | beadir · wall_segment Palisade Wall x5 |
| 15:23 | beadir · wall_segment Palisade Wall x1 |
| 15:24 | beadir · wall_segment Palisade Wall x1 |
| 15:59 | KIV.YourAddHere · wall_segment Palisade Wall x8 |
| 18:20 | KIV.YourAddHere · wall_segment Palisade Wall x1 |
| 19:09 | KIV.YourAddHere · resign |
[ AI ANALYSIS · 1 CREDIT ]
What really happened in this match?
Wolo.gg analyzes every decision: build order, eco, micro, common mistakes by bracket. Personalized analysis on WhatsApp or Discord in 30 seconds.
Civ guide
Khitans
Perfil
Jugador #389780